3A
BELLEVILLE BULLS @ YORK REVOLUTION
05/08/2033
 
TOP OF THE 1ST
Belleville Bulls batting - Pitching for York Revolution : LHP Tracy Cowdin
Pitching: LHP Tracy Cowdin
Batting: SHB Júlio Moreno 0-0: Ball
1-0: Swinging Strike
1-1: Foul Ball, location: 2F
1-2: Foul Ball, location: 2F
1-2: Strikes out swinging
Batting: LHB Juan Rodríguez 0-0: Called Strike
0-1: Called Strike
0-2: SINGLE (Groundball, 4D)
Batting: RHB Rey McSriff 0-0: Ball
1-0: Ball
2-0: Ball
3-0: Base on Balls
Juan Rodríguez to second
Batting: RHB Silvian Burger 0-0: Foul Ball, location: 2F
0-1: Ball
1-1: Foul Ball, location: 2F
1-2: Strikes out swinging
Batting: RHB Cheh Zhi 0-0: Ball
1-0: Called Strike
1-1: SINGLE (Line Drive, 78S)
Juan Rodríguez to third
Rey McSriff to second
Runner from 3rd tries for Home, SAFE, no throw
Batting: LHB Don McGhee 0-0: Ball
1-0: Foul Ball, location: 2F
1-1: Ball
2-1: Ball
3-1: SINGLE (Line Drive, 4MD)
Rey McSriff to third
Cheh Zhi to second
Runner from 3rd tries for Home, SAFE, no throw
Batting: RHB Chi-hyeong Kim 0-0: Ball
1-0: Swinging Strike
1-1: Swinging Strike
1-2: Strikes out looking
Top of the 1st over - 2 runs, 3 hits, 0 errors, 2 left on base; Belleville 2 - York 0
BOTTOM OF THE 1ST
York Revolution batting - Pitching for Belleville Bulls : RHP Yoshihide Hirata
Pitching: RHP Yoshihide Hirata
Batting: RHB Andy Alderliesten 0-0: Ball
1-0: Ball
2-0: Called Strike
2-1: SINGLE (Line Drive, 4D)
Batting: LHB Jack MacOmish 0-0: Called Strike
0-1: Ball
1-1: Swinging Strike
1-2: Foul Ball, location: 2F
1-2: Foul Ball, location: 2F
1-2: Ball
2-2: Ball
3-2: Base on Balls
Andy Alderliesten to second
Batting: LHB Weston Doyle 0-0: Ball
1-0: Ball
2-0: Ball
3-0: Called Strike
3-1: Foul Ball, location: 2F
3-2: Base on Balls
Andy Alderliesten to third
Jack MacOmish to second
Batting: LHB Travis Towns 0-0: Ball
1-0: SINGLE (Line Drive, 6MD)
Andy Alderliesten scores
Jack MacOmish to third
Weston Doyle to second
Batting: SHB Eric Thomas 0-0: Ball
1-0: Ball
2-0: Reached on error, E3 (Groundball, 34)
Jack MacOmish scores
Weston Doyle to third
Travis Towns to second
Batting: RHB Lawrence Stokes 0-0: Ball
1-0: Fly out, F7 (Flyball, 78D)
Runner from 3rd tags up, OUT at HOME
Travis Towns to third
Eric Thomas to second
Batting: RHB Rich Stevens 0-0: Called Strike
0-1: DOUBLE (Groundball, 5L)
Travis Towns scores
Eric Thomas scores
Batting: RHB Michael Carter 0-0: Ball
1-0: Ball
2-0: Ball
Wild Pitch!
Rich Stevens to third
3-0: Called Strike
3-1: Base on Balls
Batting: RHB Tome Uso 0-0: Swinging Strike
0-1: Ball
1-1: Ball
2-1: Ground out 6-3 (Groundball, 6)
Bottom of the 1st over - 4 runs, 3 hits, 1 error, 2 left on base; Belleville 2 - York 4
TOP OF THE 2ND
Belleville Bulls batting - Pitching for York Revolution : LHP Tracy Cowdin
Batting: RHB Zack McLean 0-0: Called Strike
0-1: Ball
1-1: Ball
2-1: Foul Ball, location: 2F
2-2: Strikes out looking
Batting: RHB Eric Harvey 0-0: Swinging Strike
0-1: Called Strike
0-2: Ground out 3-1 (Groundball, 34S)
Batting: SHB Júlio Moreno 0-0: Fly out, F7 (Line Drive, 7)
Top of the 2nd over - 0 runs, 0 hits, 0 errors, 0 left on base; Belleville 2 - York 4
BOTTOM OF THE 2ND
York Revolution batting - Pitching for Belleville Bulls : RHP Yoshihide Hirata
Batting: RHB Andy Alderliesten 0-0: DOUBLE (Flyball, 9LD)
Batting: LHB Jack MacOmish 0-0: Ground out U3 (Groundball, 3)
Andy Alderliesten to third
Batting: LHB Weston Doyle 0-0: 2-RUN HOME RUN (Flyball, 9LD), Distance : 363 ft
Batting: LHB Travis Towns 0-0: Called Strike
0-1: Foul Ball, location: 2F
0-2: Ball
1-2: Ball
2-2: DOUBLE (Line Drive, 78D)
Batting: SHB Eric Thomas 0-0: Ball
1-0: Ball
Travis Towns is caught stealing 3rd base
2-0: Fly out, F8 (Line Drive, 8RD)
Bottom of the 2nd over - 2 runs, 3 hits, 0 errors, 0 left on base; Belleville 2 - York 6
TOP OF THE 3RD
Belleville Bulls batting - Pitching for York Revolution : LHP Tracy Cowdin
Batting: LHB Juan Rodríguez 0-0: Ball
1-0: Foul Ball, location: 2F
1-1: Ball
2-1: SOLO HOME RUN (Line Drive, 9D), Distance : 395 ft
Batting: RHB Rey McSriff 0-0: Called Strike
0-1: Ball
1-1: Fly out, F7 (Flyball, 7LSF)
Batting: RHB Silvian Burger 0-0: Ball
1-0: Foul Ball, location: 2F
1-1: Called Strike
1-2: Foul Ball, location: 2F
1-2: Foul Ball, location: 2F
1-2: Ground out 5-3 (Groundball, 5)
Batting: RHB Cheh Zhi 0-0: Called Strike
0-1: Swinging Strike
0-2: SINGLE (Groundball, 6MD)
Batting: LHB Don McGhee 0-0: Fly out, F4 (Line Drive, 4)
Top of the 3rd over - 1 run, 2 hits, 0 errors, 1 left on base; Belleville 3 - York 6
BOTTOM OF THE 3RD
York Revolution batting - Pitching for Belleville Bulls : RHP Yoshihide Hirata
Batting: RHB Lawrence Stokes 0-0: Ball
1-0: Ball
2-0: Foul Ball, location: 2F
2-1: Called Strike
2-2: Foul Ball, location: 2F
2-2: Fly out, F8 (Flyball, 8RM)
Pitching: RHP Jay Holt
Batting: RHB Rich Stevens 0-0: Foul Ball, location: 2F
0-1: Ball
1-1: Ball
2-1: Foul Ball, location: 2F
2-2: Ball
3-2: Foul Ball, location: 2F
3-2: Base on Balls
Batting: RHB Michael Carter 0-0: Called Strike
0-1: Ball
1-1: Foul Ball, location: 2F
1-2: Ball
2-2: Foul Ball, location: 2F
2-2: SINGLE (Groundball, 34) (infield hit)
Rich Stevens to second
Batting: RHB Tome Uso 0-0: Ball
1-0: Ball
2-0: Ball
3-0: Base on Balls
Rich Stevens to third
Michael Carter to second
Batting: RHB Andy Alderliesten 0-0: Called Strike
0-1: Ball
1-1: Foul Ball, location: 2F
1-2: Foul Ball, location: 2F
1-2: Ball
2-2: Fly out, F3 (Popup, 3SF)
Batting: LHB Jack MacOmish 0-0: Foul Ball, location: 2F
0-1: Ball
1-1: Ball
2-1: Ball
3-1: Called Strike
3-2: SINGLE (Line Drive, 6D)
Rich Stevens scores
Michael Carter to third
Tome Uso to second
Michael Carter scores
Tome Uso to third
Batting: LHB Weston Doyle 0-0: Called Strike
0-1: Ball
1-1: Fly out, F8 (Line Drive, 8RD)
Bottom of the 3rd over - 2 runs, 2 hits, 0 errors, 2 left on base; Belleville 3 - York 8
TOP OF THE 4TH
Belleville Bulls batting - Pitching for York Revolution : LHP Tracy Cowdin
Batting: RHB Chi-hyeong Kim 0-0: Fly out, F8 (Flyball, 89D)
Batting: RHB Zack McLean 0-0: Ball
1-0: Ball
2-0: Called Strike
2-1: Ball
3-1: Fly out, F7 (Flyball, 7LS)
Batting: RHB Eric Harvey 0-0: Ball
1-0: Ball
2-0: Called Strike
2-1: Called Strike
2-2: Fly out, F8 (Flyball, 8LS)
Top of the 4th over - 0 runs, 0 hits, 0 errors, 0 left on base; Belleville 3 - York 8
BOTTOM OF THE 4TH
York Revolution batting - Pitching for Belleville Bulls : RHP Jay Holt
Batting: LHB Travis Towns 0-0: Ball
1-0: Fly out, F4 (Line Drive, 4)
Batting: SHB Eric Thomas 0-0: SINGLE (Flyball, 8RS)
Batting: RHB Lawrence Stokes 0-0: Ball
1-0: Ball
2-0: Ball
3-0: Called Strike
3-1: Ground out 5-3 (Groundball, 56S)
Eric Thomas to second
Batting: RHB Rich Stevens 0-0: Ball
1-0: SINGLE (Line Drive, 8LS)
Eric Thomas to third
Runner from 3rd tries for Home, SAFE, no throw
Batting: RHB Michael Carter 0-0: Ball
1-0: Called Strike
1-1: Foul Ball, location: 2F
1-2: Strikes out looking
Bottom of the 4th over - 1 run, 2 hits, 0 errors, 1 left on base; Belleville 3 - York 9
TOP OF THE 5TH
Belleville Bulls batting - Pitching for York Revolution : LHP Tracy Cowdin
Batting: SHB Júlio Moreno 0-0: Ball
1-0: Ground out 5-3 (Groundball, 5)
Batting: LHB Juan Rodríguez 0-0: Foul Ball, location: 2F
0-1: Called Strike
0-2: Ball
1-2: Ball
2-2: Strikes out swinging
Batting: RHB Rey McSriff 0-0: Ball
1-0: Called Strike
1-1: Ball
2-1: Ball
3-1: Foul Ball, location: 2F
3-2: Ground out 6-3 (Groundball, 6)
Top of the 5th over - 0 runs, 0 hits, 0 errors, 0 left on base; Belleville 3 - York 9
BOTTOM OF THE 5TH
York Revolution batting - Pitching for Belleville Bulls : RHP Jay Holt
Batting: RHB Tome Uso 0-0: Called Strike
0-1: Foul Ball, location: 2F
0-2: Ball
1-2: Fly out, F4 (Flyball, 34D)
Pitching: RHP Jorge Moreno
Batting: RHB Andy Alderliesten 0-0: Called Strike
0-1: Ball
1-1: Foul Ball, location: 2F
1-2: Ball
2-2: SINGLE (Groundball, 4MD)
Batting: LHB Jack MacOmish 0-0: Ground out U3 (Groundball, 3S)
Andy Alderliesten to second
Batting: LHB Weston Doyle 0-0: Called Strike
0-1: Swinging Strike
0-2: Foul Ball, location: 2F
0-2: Strikes out swinging
Bottom of the 5th over - 0 runs, 1 hit, 0 errors, 1 left on base; Belleville 3 - York 9
TOP OF THE 6TH
Belleville Bulls batting - Pitching for York Revolution : LHP Tracy Cowdin
Batting: RHB Silvian Burger 0-0: Foul Ball, location: 2F
0-1: Ground out 6-3 (Groundball, 6)
Batting: RHB Cheh Zhi 0-0: Ground out 1-3 (Groundball, 13)
Batting: LHB Don McGhee 0-0: Ball
1-0: Foul Ball, location: 2F
1-1: Called Strike
1-2: DOUBLE (Line Drive, 8RXD)
Batting: RHB Chi-hyeong Kim 0-0: Called Strike
0-1: Ball
1-1: Ball
2-1: Ball
3-1: Base on Balls
Batting: RHB Zack McLean 0-0: Ball
1-0: Ball
2-0: Ball
3-0: Base on Balls
Don McGhee to third
Chi-hyeong Kim to second
Batting: RHB Eric Harvey 0-0: Fielders Choice at 2nd, 6-4 (Groundball, 6)
Top of the 6th over - 0 runs, 1 hit, 0 errors, 3 left on base; Belleville 3 - York 9
BOTTOM OF THE 6TH
York Revolution batting - Pitching for Belleville Bulls : RHP Jorge Moreno
Batting: LHB Travis Towns 0-0: Called Strike
0-1: Swinging Strike
0-2: Ball
1-2: Foul Ball, location: 2F
1-2: Ball
2-2: Foul Ball, location: 2F
2-2: Ball
3-2: Ground out 4-3 (Groundball, 4)
Batting: SHB Eric Thomas 0-0: Reached on error, E4 (Groundball, 4)
Batting: RHB Lawrence Stokes 0-0: Ball
1-0: Called Strike
1-1: Foul Ball, location: 2F
1-2: SINGLE (Line Drive, 6D)
Eric Thomas to second
Batting: RHB Rich Stevens 0-0: Ball
1-0: Foul Ball, location: 2F
1-1: Ball
2-1: SINGLE (Line Drive, 8LS)
Eric Thomas to third
Lawrence Stokes to second
Runner from 3rd tries for Home, throw and OUT!
Batting: RHB Michael Carter 0-0: Ball
1-0: Called Strike
1-1: Ball
2-1: Fly out, F7 (Flyball, 7S)
Bottom of the 6th over - 0 runs, 2 hits, 1 error, 2 left on base; Belleville 3 - York 9
TOP OF THE 7TH
Belleville Bulls batting - Pitching for York Revolution : LHP Tracy Cowdin
Batting: SHB Júlio Moreno 0-0: Called Strike
Error on foul ball, E3
0-2: Strikes out swinging
Batting: LHB Juan Rodríguez 0-0: Called Strike
0-1: SINGLE (Line Drive, 6M)
Pitching: RHP John Schmidt
Batting: RHB Rey McSriff 0-0: Ball
Juan Rodríguez is caught stealing 2nd base
1-0: Ball
2-0: Fly out, F4 (Popup, 4M)
Top of the 7th over - 0 runs, 1 hit, 1 error, 0 left on base; Belleville 3 - York 9
BOTTOM OF THE 7TH
York Revolution batting - Pitching for Belleville Bulls : RHP Jorge Moreno
Batting: RHB Tome Uso 0-0: Ball
1-0: Foul Ball, location: 2F
1-1: Ball
2-1: Ball
3-1: Base on Balls
Batting: RHB Andy Alderliesten 0-0: Ball
1-0: Ground out 5-3 (Groundball, 56S)
Tome Uso to second
Batting: LHB Jack MacOmish 0-0: Called Strike
0-1: Ball
1-1: Swinging Strike
1-2: Ball
2-2: Strikes out swinging
Batting: LHB Weston Doyle 0-0: Swinging Strike
0-1: Ground out 5-3 (Groundball, 56S)
Bottom of the 7th over - 0 runs, 0 hits, 0 errors, 1 left on base; Belleville 3 - York 9
TOP OF THE 8TH
Belleville Bulls batting - Pitching for York Revolution : RHP John Schmidt
Batting: RHB Silvian Burger 0-0: Ball
1-0: Ground out 5-3 (Groundball, 56)
Batting: RHB Cheh Zhi 0-0: Swinging Strike
0-1: Ball
1-1: Foul Ball, location: 2F
1-2: Foul Ball, location: 2F
1-2: Ground out 6-3 (Groundball, 6)
Batting: LHB Don McGhee 0-0: Called Strike
0-1: Ball
1-1: Called Strike
1-2: Foul Ball, location: 2F
1-2: Ball
2-2: Ball
3-2: Base on Balls
Batting: RHB Chi-hyeong Kim 0-0: Ball
1-0: Ball
2-0: Swinging Strike
2-1: Called Strike
2-2: Foul Ball, location: 2F
2-2: Strikes out looking
Top of the 8th over - 0 runs, 0 hits, 0 errors, 1 left on base; Belleville 3 - York 9
BOTTOM OF THE 8TH
York Revolution batting - Pitching for Belleville Bulls : RHP Jorge Moreno
Batting: LHB Travis Towns 0-0: Ball
1-0: Called Strike
1-1: Ground out 4-3 (Groundball, 4)
Batting: SHB Eric Thomas 0-0: Ball
1-0: Ball
2-0: Foul Ball, location: 2F
2-1: Foul Ball, location: 2F
2-2: SINGLE (Groundball, 4MD)
Batting: RHB Lawrence Stokes 0-0: Ball
1-0: Grounds into double play, 5-4-3 (Groundball, 56)
Bottom of the 8th over - 0 runs, 1 hit, 0 errors, 0 left on base; Belleville 3 - York 9
TOP OF THE 9TH
Belleville Bulls batting - Pitching for York Revolution : RHP John Schmidt
Batting: RHB Zack McLean 0-0: Foul Ball, location: 2F
0-1: Ball
1-1: Ball
2-1: Ball
3-1: Called Strike
3-2: Strikes out looking
Batting: RHB Eric Harvey 0-0: Fly out, F9 (Flyball, 9)
Batting: SHB Júlio Moreno 0-0: Foul Ball, location: 2F
0-1: SINGLE (Line Drive, 9S)
Batting: LHB Juan Rodríguez 0-0: Ball
1-0: SINGLE (Line Drive, 9S)
Júlio Moreno to second
Batting: RHB Rey McSriff 0-0: Ball
1-0: Ball
2-0: Called Strike
2-1: Foul Ball, location: 2F
2-2: Foul Ball, location: 2F
2-2: Ball
3-2: SINGLE (Groundball, 6M) (infield hit)
Júlio Moreno to third
Juan Rodríguez to second
Batting: RHB Silvian Burger 0-0: Ground out 5-3 (Groundball, 56)
Top of the 9th over - 0 runs, 3 hits, 0 errors, 3 left on base; Belleville 3 - York 9
Saturday, December 22nd, 2018 - OOTP Baseball 18.8 Build 76